 Dungeon Crawl Stone Soup version 0.20-a0-350-ga83eecc (webtiles) character file.

424 HAL9000 the Vexing (level 6, -4/28 HPs)
             Began as a Vine Stalker Enchanter on Dec 24, 2016.
             Killed from afar by Dowan (6 damage)
             ... with a shard of ice
             ... on level 4 of the Dungeon.
             The game lasted 00:14:28 (4421 turns).

HAL9000 the Vexing (Vine Stalker Enchanter)         Turns: 4421, Time: 00:14:28

Health: -4/28      AC:  4    Str: 14    XL:     6   Next: 96%
Magic:  0/10       EV: 12    Int: 16    God:
Gold:   116        SH:  0    Dex: 15    Spells: 3/9 levels left

rFire  + . .     SeeInvis .     a - +2 dagger
rCold  x . .     Gourm    .     b - +1 robe
rNeg   . . .     Faith    .     (no shield)
rPois  .         Spirit   +     (no helmet)
rElec  .         Reflect  .     v - +0 cloak
rCorr  .         Harm     .     (no gloves)
MR     .....                    (no boots)
Stlth  ++........               y - amulet of inaccuracy (curse)
                                m - ring of fire
                                g - +3 ring of strength

@: no status effects
A: fangs 2, regeneration 1, magic shield, antimagic bite, no device heal 3, rot
immunity
a: no special abilities


You were on level 4 of the Dungeon.
You were not hungry.

You visited 1 branch of the dungeon, and saw 4 of its levels.

You collected 116 gold pieces.

Inventory:

Hand Weapons
 a - a +2 dagger (weapon)
Armour
 b - a +1 robe (worn)
 v - a +0 cloak (worn)
Jewellery
 g - a +3 ring of strength (left hand)
 m - a ring of fire (right hand)
 y - a cursed amulet of inaccuracy (around neck)
Wands
 u - a wand of polymorph (8/24)
Scrolls
 j - 2 scrolls of enchant weapon
 o - 2 scrolls of identify
 w - a scroll of recharging {unknown}
 x - a scroll of enchant armour {unknown}
Potions
 i - a potion of haste
 p - a potion of brilliance
 r - a potion of lignification
Books
 c - a book of Maledictions

   Spells                             Type                      Level
   a - Corona                         Hexes                        1
   b - Ensorcelled Hibernation        Hexes/Ice                    2
   c - Confuse                        Hexes                        3
   d - Tukima's Dance                 Hexes                        3
   e - Dazzling Spray                 Conjuration/Hexes            3
Comestibles
 d - 5 bread rations
 f - 2 slices of pizza
 s - a chunk of flesh
 t - a beef jerky


   Skills:
 + Level 4.3 Short Blades
 - Level 1.5 Dodging
 - Level 3.6 Stealth
 - Level 2.1 Spellcasting
 + Level 5.8 Hexes


You had 3 spell levels left.
You knew the following spells:

 Your Spells              Type           Power        Failure   Level  Hunger
a - Corona                Hex            ###....      1%          1    #......
x - Confuse               Hex            ###.....     8%          3    ###....
z - Ensorcelled Hibernat  Hex/Ice        ##....       12%         2    ###....


Dungeon Overview and Level Annotations

Branches:
Dungeon (4/15)
 Temple: D:4-7

Altars:

Annotations:
D:4 Dowan


Innate Abilities, Weirdness & Mutations

You have extremely sharp teeth.
Your natural rate of healing is unusually fast.
When hurt, damage is shared between your health and your magic reserves.
Your bite disrupts and absorbs the magic of your enemies.
Potions cannot restore your health.
You are immune to rotting.


Message History

Duvessa cries, "My head!
MY HEAD!!!"
Found an escape hatch in the floor.
You hit Duvessa but do no damage.
Duvessa is almost dead.
You strike the helpless Duvessa from behind!
You puncture Duvessa!
You kill Duvessa!
Dowan seems overcome with grief, but rights himself reflexively soon after.
Dowan seems to find hidden reserves of power!
Your Short Blades skill increases to level 4!
Dowan gestures wildly while chanting.
Dowan blinks!
Dowan says, "Her death will not be in vain!"
Dowan points at you and mumbles some strange words.
The shard of ice hits you!
You feel a painful chill!
Ouch! That really hurt!
* * * LOW HITPOINT WARNING * * *
Dowan gestures at you while chanting. The shard of ice hits you!
You feel a painful chill!
You die...

.# ######+### .+ .
#........# .# ..
#..#........# .#
#....ยง....# .#
#....@....# .#
#.#######.........#
.#
#.......##........#
.#
#######.######'####
.# #.......#### #.#
.###.##.......# #.#
.....##.......# #.#
.######.......# #.#
.# ###.#...# #.#


You could see Dowan.

Vanquished Creatures
  Duvessa (D:4)
  A phantom (D:3)
  Crazy Yiuf (D:3)
  A hound (D:4)
  An iguana (D:4)
  An orc wizard (D:3)
  4 adders
  An adder skeleton (D:4)
  2 worms
  A dart slug (D:2)
  2 leopard geckos (D:1)
  8 orcs
  A ball python (D:1)
  3 giant cockroaches
  8 hobgoblins
  6 jackals
  11 bats
  4 frilled lizards
  9 goblins
  7 kobolds
  8 rats
81 creatures vanquished.

Notes
Turn   | Place    | Note
-------+----------+-------------------------------------------
     0 | D:1      | HAL9000 the Vine Stalker Enchanter began the quest for the Orb.
     0 | D:1      | Reached XP level 1. HP: 9/9 MP: 4/4
    58 | D:1      | Reached skill level 1 in Short Blades
   545 | D:1      | Reached XP level 2. HP: 7/13 MP: 6/6
  1033 | D:1      | Learned a level 2 spell: Ensorcelled Hibernation
  1307 | D:1      | Reached XP level 3. HP: 12/16 MP: 5/7
  1852 | D:2      | Reached skill level 4 in Hexes
  2146 | D:2      | Gained mutation: Your natural rate of healing is unusually fast. [Vine Stalker growth]
  2146 | D:2      | Reached XP level 4. HP: 21/21 MP: 8/8
  2561 | D:2      | HP: 1/21 [worm (8)]
  2633 | D:2      | Learned a level 3 spell: Confuse
  3472 | D:3      | Found a runed door.
  3476 | D:3      | Noticed Crazy Yiuf
  3480 | D:3      | Killed Crazy Yiuf
  3480 | D:3      | Reached XP level 5. HP: 24/24 MP: 9/9
  3887 | D:4      | Noticed a phantom
  3943 | D:3      | Killed a phantom
  3943 | D:3      | Reached skill level 5 in Hexes
  3943 | D:3      | Reached XP level 6. HP: 25/28 MP: 8/10
  4030 | D:4      | Noticed Duvessa
  4032 | D:4      | Noticed Dowan
  4420 | D:4      | Killed Duvessa
  4421 | D:4      | Killed from afar by Dowan

Vault maps used:
D:1:      evilmike_arrival_rings, serial_park_tiny_2, st_stairs_12,
          hangedman_feature_mirror, corexii_leaking_fountain
D:3:      first_bread, uniq_crazy_yiuf_cottage
D:4:      uniq_natasha, uniq_duvessa

Skill      XL: |  1  2  3  4  5  6 |
---------------+-------------------+-----
Short Blades   | 1 2 3 4 |  4.3
Hexes          | 4 5 |  5.8
Dodging        | |  1.5
Stealth        | |  3.6
Spellcasting   | |  2.1

Action                   |  1- 3 |  4- 6 || total
-------------------------+-------+-------++-------
Melee: Dagger            |   126 |   132 ||   258
       Bite              |    24 |    37 ||    61
 Cast: Corona            |    12 |       ||    12
       Ensorcelled Hiber |     4 |    25 ||    29
       Confuse           |       |    15 ||    15
  Use: Scroll            |       |     7 ||     7
 Stab: Sleeping          |    11 |    13 ||    24
       Distracted        |     1 |     1 ||     2
       Confused          |       |     6 ||     6
  Eat: Chunk             |     3 |    12 ||    15
Armor: Robe              |    43 |    22 ||    65
Dodge: Dodged            |    89 |    90 ||   179
